 Dungeon Crawl Stone Soup version 0.30.0-19-g36f170ea60 (webtiles) character file.

Game seed: 5347305356534734547

79 Graphine the Conjurer (level 4, -1/24 HPs)
             Began as a Deep Elf Conjurer on June 1, 2023.
             Killed from afar by Sigmund (25 damage)
             ... with a bolt of light
             ... on level 2 of the Dungeon.
             The game lasted 00:03:49 (1594 turns).

Graphine the Conjurer (Deep Elf Conjurer)           Turns: 1594, Time: 00:03:49

Health: -1/24      AC:  3    Str:  4    XL:     4   Next: 17%
Magic:  6/12       EV: 12    Int: 25    God:
Gold:   69         SH:  0    Dex: 13    Spells: 4/12 levels left

rFire   . . .        p - +4 dagger
rCold   . . .        (no shield)
rNeg    . . .        a - +0 robe
rPois   .            (no helmet)
rElec   .            (no cloak)
rCorr   .            (no gloves)
SInv    .            f - +0 pair of boots
Will    .....        (no amulet)
Stlth   ++           (no ring)
HPRegen 0.24/turn    (no ring)
MPRegen 0.13/turn

%: no passive effects
@: no status effects
A: no striking features
a: no special abilities


You were on level 2 of the Dungeon.
You visited 1 branch of the dungeon, and saw 2 of its levels.

You collected 69 gold pieces.

Inventory:

Hand Weapons
 g - a +0 dagger
 p - a +4 dagger (weapon)
Armour
 a - a +0 robe (worn)
 f - a +0 pair of boots (worn)
 i - an orb of mayhem
Scrolls
 b - a scroll of silence {unknown}
 h - 2 scrolls of enchant weapon {unknown}
 k - a scroll of blinking {unknown}
 m - a scroll of enchant armour {unknown}
 o - a scroll of immolation {unknown}
Potions
 c - a potion of flight {unknown}
 d - 2 potions of curing {unknown}
 e - a potion of brilliance {unknown}
 j - a potion of berserk rage {unknown}
 l - a potion of lignification {unknown}
 n - 2 potions of cancellation {unknown}


   Skills:
 - Level 2.4 Dodging
 - Level 2.4 Stealth
 + Level 4.6 Spellcasting
 + Level 5.3 Conjurations
 * Level 1.1 Summonings


You had 4 spell levels left.
You knew the following spells:

 Your Spells              Type           Power      Damage    Failure   Level
a - Magic Dart            Conj           100%       1d8       1%          1
b - Summon Small Mammal   Summ           44%        N/A       5%          1
c - Call Canine Familiar  Summ           11%        N/A       16%         3
d - Summon Guardian Gole  Hex/Summ       8%         N/A       21%         3

Your spell library contained the following spells:

 Spells                   Type           Power      Damage    Failure   Level
 Searing Ray              Conj           64%        2d6       1%          2
 Kiss of Death            Conj/Necr      76%        2d11      3%          1
 Apportation              Tloc           10%        N/A       9%          1
 Necrotise                Necr           20%        1d5       9%          1
 Dazzling Flash           Conj/Hex       38%        N/A       9%          3
 Confusing Touch          Hex            5%         N/A       26%         3
 Fulminant Prism          Conj/Hex       9%         3d7       28%         4
 Iskenderun's Mystic Bla  Conj/Tloc      19%        2d6       28%         4
 Dispel Undead            Necr           5%         3d7       65%         4


Dungeon Overview and Level Annotations

Branches:
Dungeon (2/15)

Altars:

Annotations:
D:2 Sigmund


Message History

The magic dart hits the bat.
You kill the bat!
Sigmund the Dreaded comes into view.
He is wielding a +0 scythe and carrying a wand of light (12).
Casting: Magic Dart (safe; 1% risk of failure)
Confirm with . or Enter, or press ? or * to list all spells.
Casting: Summon Small Mammal (safe; 5% risk of failure)
Confirm with . or Enter, or press ? or * to list all spells.
The spell is quite dangerous to miscast (16% risk of failure)!
Continue anyway?
Casting: Call Canine Familiar (quite dangerous; 16% risk of failure)
Confirm with . or Enter, or press ? or * to list all spells.
The spell is extremely dangerous to miscast (21% risk of failure)!
Continue anyway?
A guardian golem appears, shielding your allies.
Sigmund shouts!
Sigmund points at you and mumbles some strange words.
You are confused.
Sigmund mumbles some strange words.
Sigmund flickers and vanishes!
Deactivating autopickup; reactivate with Ctrl-A.
You hear a zap.
A bolt of light appears from out of thin air!
The bolt of light hits your rat!!
Your rat dies!
Your rat's corpse disappears in a puff of smoke!
You hear a zap.
A bolt of light appears from out of thin air!
The bolt of light hits your hound!
You feel less confused.
A puff of flame appears from out of thin air!
The puff of flame hits your hound!
Your hound bites something.
Your hound closely misses something.
Something closely misses your hound.
Your hound misses something.
Your hound bites something but does no damage.
Your hound bites something.
Your hound barely misses something.
Your hound barely misses something.
You hear a zap.
A bolt of light appears from out of thin air!
The bolt of light hits you!!
Ouch! That really hurt!
You die...

............#
............#############
................#........
..........###............
.....#...#####.##........
##......####...##........
##.###..#..†.............
##.# ##..................
##.# #...(....9@########
##.# #...........# #..#
#............. ..##
#.#.##.###{.....
#.#####.#..#.# .h.......
#.#..........# .........
#.#.###.#.#... ..$......
....#...................
.........


You could see a friendly guardian golem (summoned) and a friendly hound
(summoned, sheltered).

Vanquished Creatures
  2 adders (D:2)
  5 ball pythons
  5 bats
  6 endoplasms
  2 giant cockroaches
  6 goblins
  8 hobgoblins
  6 jackals (D:2)
  5 quokkas
  2 kobolds
  4 rats (D:1)
51 creatures vanquished.

Vanquished Creatures (collateral kills)
  A ball python (D:2)
1 creature vanquished.

Grand Total: 52 creatures vanquished

Notes
Turn   | Place    | Note
-------+----------+-------------------------------------------
     0 | D:1      | Graphine the Deep Elf Conjurer began the quest for the Orb.
     0 | D:1      | Reached XP level 1. HP: 10/10 MP: 6/6
   131 | D:1      | Reached XP level 2. HP: 15/15 MP: 4/8
   632 | D:1      | Reached skill level 5 in Conjurations
   632 | D:1      | Reached XP level 3. HP: 17/19 MP: 0/10
  1197 | D:2      | Learned a level 1 spell: Summon Small Mammal
  1201 | D:2      | Learned a level 3 spell: Call Canine Familiar
  1205 | D:2      | Learned a level 3 spell: Summon Guardian Golem
  1410 | D:2      | Reached XP level 4. HP: 16/24 MP: 5/12
  1412 | D:2      | Reached skill level 1 in Summonings
  1581 | D:2      | Noticed Sigmund
  1594 | D:2      | Killed from afar by Sigmund

Illustrated notes

Levels and vault maps discovered:
D:1:      eino_arrival_water_star, layout_basic
D:2:      layout_rooms, uniq_crazy_yiuf_cottage, uniq_sigmund

Skill      XL: |  1  2  3  4 |
---------------+-------------+-----
Spellcasting   | 4 |  4.6
Conjurations   | 5 |  5.3
Summonings     | 1 |  1.1
Dodging        | |  2.4
Stealth        | |  2.4

Action                     |  1- 3 |  4- 6 || total
---------------------------+-------+-------++-------
  Melee: Dagger            |       |     2 ||     2
   Cast: Magic Dart        |    89 |    16 ||   105
         Summon Small Mamm |     1 |     1 ||     2
         Call Canine Famil |       |     1 ||     1
         Summon Guardian G |       |     1 ||     1
    Use: Potion            |       |     1 ||     1
 Armour: Robe              |     2 |     2 ||     4
  Dodge: Dodged            |     4 |     4 ||     8
